 Dungeon Crawl Stone Soup version 0.27-a0-1272-g7c8ad2e407 (webtiles) character file.

Game seed: 2464035073000680108

28 Kinoniko the Chopper (level 3, 0/31 HPs)
             Began as a Minotaur Fighter on June 11, 2021.
             Succumbed to an adder's poison
             ... on level 2 of the Dungeon.
             The game lasted 00:01:04 (1040 turns).

Kinoniko the Chopper (Minotaur Fighter)             Turns: 1040, Time: 00:01:05

Health: 0/31       AC:  6    Str: 20    XL:     3   Next: 0%
Magic:  2/2        EV:  7    Int:  6    God:
Gold:   45         SH:  9    Dex:  9    Spells: 2/2 levels left

rFire    . . .     SeeInvis .   a - +0 war axe
rCold    . . .     Faith    .   c - +0 kite shield
rNeg     . . .     Spirit   .   b - +0 scale mail
rPois    .         Reflect  .   (helmet restricted)
rElec    .         Harm     .   (no cloak)
rCorr    .         Rampage  .   (no gloves)
Will     .....                  (no boots)
Stlth    ..........             (no amulet)
HPRegen  0.10/turn              (no ring)
MPRegen  0.08/turn              (no ring)

@: mighty, lethally poisoned (0 -> -6)
A: horns 2, retaliatory headbutt
a: no special abilities


You were on level 2 of the Dungeon.
You visited 1 branch of the dungeon, and saw 2 of its levels.

You collected 45 gold pieces.

Inventory:

Hand Weapons
 a - a +0 war axe (weapon)
Armour
 b - a +0 scale mail (worn)
 c - a +0 kite shield (worn)
Scrolls
 e - a scroll of acquirement {unknown}


   Skills:
 - Level 3.6 Fighting
 * Level 4.3 Axes
 - Level 3.6 Armour
 - Level 3.6 Shields


You had 2 spell levels left.
You didn't know any spells.
Your spell library was empty.

Dungeon Overview and Level Annotations

Branches:
Dungeon (2/15)

Altars:


Innate Abilities, Weirdness & Mutations

You have a pair of horns on your head.
You reflexively headbutt those who attack you in melee.


Message History

You closely miss the ball python. You block the ball python's attack.
The ball python barely misses you. You block the goblin's attack.
The ball python bites you. The ball python grabs you.
The ball python constricts you. The worm bites you.
You escape the ball python's grasp.
You block the goblin's attack. The ball python closely misses you.
The ball python barely misses you. The worm bites you but does no damage.
The goblin hits you but does no damage. You block the ball python's attack.
The ball python grabs you. The ball python constricts you.
You escape the ball python's grasp.
The worm bites you.
Found 15 arrows.
Sorry, you're not good enough to have a special ability.
You feel very mighty all of a sudden. You block the goblin's attack.
You barely miss the worm.
The worm is moderately wounded.
You slash the goblin!
You kill the goblin!
The adder barely misses you. The worm barely misses you.
You have reached level 3!
Your experience leads to an increase in your attributes!
Increase (S)trength, (I)ntelligence, or (D)exterity?
You feel clever.
You completely miss the worm.
The worm is moderately wounded.
You barely miss the adder. You block the adder's attack.
The adder barely misses you. You block the worm's attack.
You hit the worm.
The worm is heavily wounded.
You slash the adder! The adder bites you but does no damage.
The adder bites you.
* * * LOW HITPOINT WARNING * * *
You are poisoned.
The adder poisons you! The worm bites you!
* * * LOW HITPOINT WARNING * * *
You aren't carrying any potions.
You slash the worm! Your headbutt misses the worm.
The worm is almost dead.
You barely miss the adder.
You die...

#..........#
#..........#
##..........#
............####
#.............#
#.>..........$#
#....lS.......#
##..#wS<......#
#...@####.....
#...#.# ....
.....##.# .#
....# #.# (...
..# ... ... .
..# #...


You could see a worm, an adder, a ball python and a frilled lizard.

Vanquished Creatures
  5 ball pythons (D:1)
  4 endoplasms (D:1)
  2 giant cockroaches (D:1)
  A hobgoblin (D:1)
  A kobold (D:1)
  2 quokkas (D:1)
  A bat (D:1)
  2 frilled lizards (D:1)
  4 goblins
  4 rats (D:1)
26 creatures vanquished.

Notes
Turn   | Place    | Note
-------+----------+-------------------------------------------
     0 | D:1      | Kinoniko the Minotaur Fighter began the quest for the Orb.
     0 | D:1      | Reached XP level 1. HP: 19/19 MP: 0/0
   267 | D:1      | Reached skill level 3 in Axes
   273 | D:1      | Reached XP level 2. HP: 17/26 MP: 1/1
   392 | D:1      | Found a faded altar of an unknown god.
   709 | D:1      | Reached skill level 4 in Axes
  1038 | D:2      | Reached XP level 3. HP: 10/31 MP: 2/2
  1039 | D:2      | HP: 1/31 [worm (7)]
  1040 | D:2      | Succumbed to an adder's poison

Illustrated notes

Levels and vault maps discovered:
D:1:      mrwooster_arrival_arrow, layout_basic,
          chequers_ecumenical_altar_simple_redux, minivault_24,
          hangedman_feature_mirror
D:2:      layout_rooms, uniq_robin

Skill      XL: |  1  2 |
---------------+-------+-----
Axes           | 3 4 |  4.3
Fighting       | |  3.6
Armour         | |  3.6
Shields        | |  3.6

Action                   || total
-------------------------++-------
Melee: War axe           ||    63
       Headbutt          ||     5
  Use: Potion            ||     1
Armor: Scale mail        ||    28
Dodge: Dodged            ||    20
Block: Kite shield       ||    45

Table legend: (Time is in decaauts)
 A = Elapsed time spent in this place.
 B = Non-inter-level travel time spent in this place.
 C = Inter-level travel time spent in this place.
 D = Time resting spent in this place.
 E = Time spent auto-exploring this place.
 F = Levels seen in this place.
 G = Mean time per level.
                   A        B        C        D        E       F      G
               +--------+--------+--------+--------+--------+-----+--------+
         Total |   1074 |   1063 |     11 |    147 |    765 |   2 |  537.0 |
       Dungeon |   1074 |   1063 |     11 |    147 |    765 |   2 |  537.0 |
               +--------+--------+--------+--------+--------+-----+--------+

Top non-repeatable levels by time:
     D:1: 1059 daAuts
     D:2: 14 daAuts
